Peoria Rivermen vs Atlantic City Gamblers
Created - Wednesday, November 26, 2025 at 09:52
Goals
|
| Peoria Rivermen |
1 |
0 |
1 |
2 |
| Atlantic City Gamblers |
1 |
3 |
2 |
6 |
|
Shots
|
| Peoria Rivermen |
20 |
6 |
15 |
41 |
| Atlantic City Gamblers |
9 |
16 |
12 |
37 |
|
1st period
1. Peoria Rivermen , Jalen Chatfield 1 (Oskar Sundqvist 1, Matthew Sop 2) at 13:40 (PP)
2. Atlantic City Gamblers , Boris Katchouk 1 (Yegor Sokolov 1, Tristan Broz 1) at 17:35
Penalties :
Noah Warren (ACG) for Tripping (Minor) at 1:43, Jalen Chatfield (PRM) for Boarding (Minor) at 5:28, Nils Hoglander (ACG) for Interference (Minor) at 12:44, Ben King (ACG) for Fighting (Major) at 15:58, Yegor Zamula (PRM) for Fighting (Major) at 15:58
2nd period
3. Atlantic City Gamblers , Boris Katchouk 2 (Tristan Broz 2) at 4:22
4. Atlantic City Gamblers , Boris Katchouk 3 (Tristan Broz 3, Mason Lohrei 2) at 5:00
5. Atlantic City Gamblers , Nils Hoglander 2 (Hendrix Lapierre 2) at 5:16
Penalties :
Sean Walker (PRM) for Tripping (Minor) at 0:36
3rd period
6. Peoria Rivermen , Jonathan Gruden 1 (Nico Sturm 1, Yegor Zamula 2) at 1:07
7. Atlantic City Gamblers , Caedan Bankier 1 (Ivan Miroshnichenko 1) at 1:49
8. Atlantic City Gamblers , Yegor Sokolov 1 (Boris Katchouk 2) at 7:03
Penalties :
Boris Katchouk (ACG) for Fighting (Major) at 9:11, Tyler Tucker (PRM) for Fighting (Major) at 9:11, Marek Alscher (ACG) for Holding (Minor) at 10:41
Goalie Stats
William Rousseau (PRM), 31 saves from 37 shots - (0.838), L, 0-1-1, 60:00 minutes
Calvin Pickard (ACG), 39 saves from 41 shots - (0.951), W, 1-0-0, 60:00 minutes
Players Stats for Peoria Rivermen
Player Name G A P +/- PIM S H SB GA TA FO MP PP MP PK MP
------------------------------------------------------------------------------------
0 0 0 0 0 0 0 0 0 0 0/0 0:00 0:00 0:00
Colin Blackwell 0 0 0 -4 0 6 0 0 0 0 11/22 19:09 2:27 1:38
Gabriel Szturc 0 0 0 -1 0 0 1 0 0 0 0/0 7:55 0:00 0:00
Jalen Chatfield 1 0 1 -4 2 1 1 4 0 0 0/0 21:06 2:56 0:59
Jonas Rondbjerg 0 0 0 -4 0 1 1 1 0 0 1/4 17:31 2:27 0:00
Jonathan Gruden 1 0 1 1 0 3 3 0 1 0 1/1 12:57 0:00 0:00
Marc Del Gaizo 0 0 0 0 0 3 3 0 1 1 0/0 18:13 2:00 1:30
Matthew Sop 0 1 1 -1 0 3 0 0 0 0 0/0 10:44 2:24 0:25
Nick Leddy 0 0 0 -1 0 0 0 2 0 0 0/0 19:35 0:56 2:23
Nico Sturm 0 1 1 1 0 5 0 0 2 1 2/4 12:57 0:00 0:00
Oskar Sundqvist 0 1 1 -1 0 3 1 1 0 0 5/15 19:33 2:27 1:54
Patrick Giles 0 0 0 -1 0 2 2 1 1 1 2/5 17:24 2:27 0:00
Riley Duran 0 0 0 -1 0 0 1 0 2 0 1/3 8:30 0:03 0:27
Sean Walker 0 0 0 0 2 6 1 1 0 0 0/0 24:56 1:58 1:07
Tanner Fritz 0 0 0 1 0 1 1 0 1 0 0/0 12:57 0:00 0:00
Tyler Tucker 0 0 0 -2 5 1 3 1 0 1 0/0 16:31 0:00 1:50
Tyson Kozak 0 0 0 -1 0 3 2 0 2 0 1/5 17:00 0:00 1:53
Yegor Zamula 0 1 1 -3 5 0 0 1 0 2 0/0 19:54 1:58 0:11
Zachary Bolduc 0 0 0 -4 0 3 1 2 2 1 1/2 19:10 2:27 1:39
Players Stats for Atlantic City Gamblers
Player Name G A P +/- PIM S H SB GA TA FO MP PP MP PK MP
------------------------------------------------------------------------------------
0 0 0 0 0 0 0 0 0 0 0/0 0:00 0:00 0:00
Alexander Holtz 0 0 0 0 0 3 1 1 0 0 0/0 13:18 0:14 0:00
Ben King 0 0 0 0 5 2 0 0 0 0 3/5 7:35 0:00 0:00
Boris Katchouk 3 1 4 4 5 8 2 2 0 0 0/1 15:46 1:53 0:00
Caedan Bankier 1 0 1 0 0 1 2 3 0 0 5/8 13:24 0:10 0:35
Filip Roos 0 0 0 2 0 0 3 0 0 0 0/0 19:33 0:00 0:39
Hendrix Lapierre 0 1 1 1 0 4 1 0 1 0 0/0 16:55 1:51 0:00
Ivan Miroshnichenko 0 1 1 0 0 2 2 2 1 1 0/0 14:05 1:57 0:00
Jean-Luc Foudy 0 0 0 0 0 1 0 0 0 0 0/0 9:46 0:00 0:00
Marek Alscher 0 0 0 1 2 1 3 1 0 1 0/0 20:07 0:00 0:50
Mason Lohrei 0 1 1 2 0 4 0 1 2 0 0/0 24:51 2:07 3:14
Nathan Bastian 0 0 0 0 0 1 1 0 1 2 0/1 12:44 1:30 2:24
Nils Hoglander 1 0 1 1 2 2 2 0 1 1 1/1 19:12 2:28 0:29
Noah Warren 0 0 0 2 2 0 0 0 0 1 0/0 14:34 0:00 2:05
Ronnie Attard 0 0 0 2 0 0 0 2 0 0 0/0 13:43 0:00 1:20
Shakir Mukhamadullin 0 0 0 1 0 1 0 2 0 2 0/0 22:46 1:51 1:40
Thomas Bordeleau 0 0 0 1 0 1 0 1 0 4 15/25 19:34 1:55 2:30
Tristan Broz 0 3 3 4 0 2 3 0 0 0 12/19 18:22 1:53 1:55
Yegor Sokolov 1 1 2 4 0 4 3 0 1 0 0/1 18:46 2:01 1:55
3 Stars
1 - Boris Katchouk (ACG)
2 - Yegor Sokolov (ACG)
3 - Tristan Broz (ACG)
Power Play
Peoria Rivermen - 1 on 3 Attempt(s) - 33.33%
Atlantic City Gamblers - 0 on 2 Attempt(s) - 0.00%
Penalty Kill
Peoria Rivermen - 2 on 2 Attempt(s) - 100.00%
- Score 0 goal in Penalty Kill
Atlantic City Gamblers - 2 on 3 Attempt(s) - 66.67%
- Score 0 goal in Penalty Kill
Team Stat
Peoria Rivermen - Hits : 21 - Faceoff Wins : 25 - Blocked Shots : 14 - Penalty Minutes : 14
Atlantic City Gamblers - Hits : 23 - Faceoff Wins : 36 - Blocked Shots : 15 - Penalty Minutes : 16
Official
Referees : Justin Kea and Wes Mccauley
Linesman : Justin Johnson and Travis Gawryletz
Game Notes
Yegor Zamula beats up Ben King at 15:58 of 1st period
Boris Katchouk has scored a Hat Trick!
0:14 of 3rd period - Atlantic City Gamblers goal is going for a video replay. After video review, No Goal. The attacking player has interfered with a goalkeeper in his goal crease.
Boris Katchouk beats up Tyler Tucker at 9:11 of 3rd period
Peoria Rivermen
5 vs 5 Forward
Center Left Wing Right Wing Time % Phy DF OF
1 Colin Blackwell Zachary Bolduc Jonas Rondbjerg 30 1 2 2
2 Oskar Sundqvist Tyson Kozak Patrick Giles 30 1 2 2
3 Nico Sturm Jonathan Gruden Tanner Fritz 25 1 2 2
4 Riley Duran Matthew Sop Gabriel Szturc 15 1 2 2
5 vs 5 Defense
Defense Defense Time % Phy DF OF
1 Jalen Chatfield Yegor Zamula 30 1 2 2
2 Sean Walker Marc Del Gaizo 30 1 2 2
3 Nick Leddy Tyler Tucker 25 1 2 2
4 Sean Walker Yegor Zamula 15 1 2 2
PowerPlay Forward
Center Left Wing Right Wing Time % Phy DF OF
1 Colin Blackwell Zachary Bolduc Jonas Rondbjerg 50 1 2 2
2 Oskar Sundqvist Matthew Sop Patrick Giles 50 1 2 2
PowerPlay Defense
Defense Defense Time % Phy DF OF
1 Sean Walker Yegor Zamula 50 1 2 2
2 Jalen Chatfield Marc Del Gaizo 50 1 2 2
Penalty Kill 4 Players Forward
Center Wing Time % Phy DF OF
1 Tyson Kozak Oskar Sundqvist 50 1 2 2
2 Colin Blackwell Zachary Bolduc 50 1 2 2
Penalty Kill 4 Players Defense
Defense Defense Time % Phy DF OF
1 Sean Walker Nick Leddy 50 1 2 2
2 Jalen Chatfield Marc Del Gaizo 50 1 2 2
Penalty Kill - 3 Players Forward
Forward Time % Phy DF OF
1 Zachary Bolduc 50 1 2 2
2 Colin Blackwell 50 1 2 2
Penalty Kill - 3 Players Defense
Defense Defense Time % Phy DF OF
1 Sean Walker Nick Leddy 50 1 2 2
2 Jalen Chatfield Marc Del Gaizo 50 1 2 2
4 vs 4 Forward
Center Wing Time % Phy DF OF
1 Zachary Bolduc Colin Blackwell 50 1 2 2
2 Oskar Sundqvist Nico Sturm 50 1 2 2
4 vs 4 Defense
Defense Defense Time % Phy DF OF
1 Sean Walker Yegor Zamula 50 1 2 2
2 Jalen Chatfield Marc Del Gaizo 50 1 2 2
Last Minutes Offensive
Center Left Wing Right Wing Defense Defense
Colin Blackwell Zachary Bolduc Jonas Rondbjerg Sean Walker Yegor Zamula
Last Minutes Defensive
Center Left Wing Right Wing Defense Defense
Tyson Kozak Matthew Sop Tanner Fritz Sean Walker Yegor Zamula
Goaltenders
Starting : William Rousseau
Backup : Jaxson Stauber
Extra Forwards
Normal : Riley Duran, Gabriel Szturc, Tyson Kozak - PP : Riley Duran, Gabriel Szturc - PK : Tyson Kozak
Extra Defensemen
Normal : Nick Leddy, Tyler Tucker, Jalen Chatfield - PP : Nick Leddy - PK : Tyler Tucker, Jalen Chatfield
Penalty Shots
Zachary Bolduc, Colin Blackwell, Oskar Sundqvist, Nico Sturm, Tyson Kozak
Scratches
Ryan Ufko (Healthy), Victor Soderstrom (Healthy), Matthew Seminoff (Healthy), Matt Kessel (Healthy), Zachary Fucale (Healthy)
Atlantic City Gamblers
5 vs 5 Forward
Center Left Wing Right Wing Time % Phy DF OF
1 Thomas Bordeleau Nils Hoglander Hendrix Lapierre 30 1 1 3
2 Tristan Broz Yegor Sokolov Boris Katchouk 30 1 1 3
3 Caedan Bankier Alexander Holtz Ivan Miroshnichenko 25 0 2 3
4 Ben King Nathan Bastian Jean-Luc Foudy 15 1 2 2
5 vs 5 Defense
Defense Defense Time % Phy DF OF
1 Mason Lohrei Filip Roos 38 1 3 1
2 Marek Alscher Shakir Mukhamadullin 37 1 3 1
3 Ronnie Attard Noah Warren 25 1 3 1
4 Ronnie Attard Noah Warren 0 1 3 1
PowerPlay Forward
Center Left Wing Right Wing Time % Phy DF OF
1 Thomas Bordeleau Nathan Bastian Hendrix Lapierre 50 0 1 4
2 Tristan Broz Yegor Sokolov Boris Katchouk 50 0 1 4
PowerPlay Defense
Defense Defense Time % Phy DF OF
1 Mason Lohrei Nils Hoglander 50 0 2 3
2 Ivan Miroshnichenko Shakir Mukhamadullin 50 0 2 3
Penalty Kill 4 Players Forward
Center Wing Time % Phy DF OF
1 Thomas Bordeleau Nathan Bastian 55 0 4 1
2 Tristan Broz Yegor Sokolov 45 0 4 1
Penalty Kill 4 Players Defense
Defense Defense Time % Phy DF OF
1 Mason Lohrei Noah Warren 55 1 3 1
2 Marek Alscher Shakir Mukhamadullin 45 1 3 1
Penalty Kill - 3 Players Forward
Forward Time % Phy DF OF
1 Thomas Bordeleau 50 0 5 0
2 Tristan Broz 50 0 5 0
Penalty Kill - 3 Players Defense
Defense Defense Time % Phy DF OF
1 Marek Alscher Filip Roos 50 2 3 0
2 Shakir Mukhamadullin Noah Warren 50 2 3 0
4 vs 4 Forward
Center Wing Time % Phy DF OF
1 Thomas Bordeleau Nils Hoglander 45 0 1 4
2 Tristan Broz Boris Katchouk 55 0 1 4
4 vs 4 Defense
Defense Defense Time % Phy DF OF
1 Mason Lohrei Filip Roos 45 0 2 3
2 Marek Alscher Shakir Mukhamadullin 55 0 2 3
Last Minutes Offensive
Center Left Wing Right Wing Defense Defense
Tristan Broz Nathan Bastian Nils Hoglander Mason Lohrei Hendrix Lapierre
Last Minutes Defensive
Center Left Wing Right Wing Defense Defense
Tristan Broz Yegor Sokolov Ivan Miroshnichenko Marek Alscher Shakir Mukhamadullin
Goaltenders
Starting : Calvin Pickard
Backup : Brandon Halverson
Extra Forwards
Normal : Jean-Luc Foudy, Nils Hoglander, Alexander Holtz - PP : Yegor Sokolov, Ivan Miroshnichenko - PK : Caedan Bankier
Extra Defensemen
Normal : Ronnie Attard, Noah Warren, Shakir Mukhamadullin - PP : Ronnie Attard - PK : Ronnie Attard, Noah Warren
Penalty Shots
Jean-Luc Foudy, Tristan Broz, Boris Katchouk, Yegor Sokolov, Thomas Bordeleau
Scratches
Noah Juulsen (Healthy), Artyom Grushnikov (Healthy), Trevor Janicke (Healthy), Alex Beaucage (Healthy), Nico Daws (Healthy)
Jan Bednar (Healthy)
% Time on Ice - Peoria Rivermen
Lines # - Real PCT - Wanted PCT - Time Play
Normal Forward
1 - 30% - 30% - 15:19
2 - 29% - 30% - 14:57
3 - 25% - 25% - 12:57
4 - 15% - 15% - 7:55
Normal Defense
1 - 29% - 30% - 14:59
2 - 30% - 30% - 15:21
3 - 28% - 25% - 14:31
4 - 12% - 15% - 6:17
PP Forward
1 - 50% - 50% - 2:27
2 - 50% - 50% - 2:27
PP Defense
1 - 40% - 50% - 1:58
2 - 60% - 50% - 2:56
PK Forward
1 - 50% - 50% - 2:00
2 - 50% - 50% - 1:58
PK Defense
1 - 54% - 50% - 2:09
2 - 46% - 50% - 1:49
PK3 Forward
1 - 0% - 50%
2 - 0% - 50%
PK3 Defense
1 - 0% - 50%
2 - 0% - 50%
44 Forward
1 - 0% - 50%
2 - 0% - 50%
44 Defense
1 - 0% - 50%
2 - 0% - 50%
Last Minute Offensive - 0:00
Last Minute Defensive - 0:00
Total
Forward - 60:00
Defense - 60:00
|
% Time on Ice - Atlantic City Gamblers
Lines # - Real PCT - Wanted PCT - Time Play
Normal Forward
1 - 29% - 30% - 14:46
2 - 29% - 30% - 14:50
3 - 24% - 25% - 12:26
4 - 18% - 15% - 9:06
Normal Defense
1 - 38% - 38% - 19:30
2 - 38% - 37% - 19:15
3 - 24% - 25% - 12:23
4 - 0% - 0% - 0:00
PP Forward
1 - 49% - 50% - 1:57
2 - 51% - 50% - 2:01
PP Defense
1 - 53% - 50% - 2:07
2 - 47% - 50% - 1:51
PK Forward
1 - 61% - 55% - 2:59
2 - 39% - 45% - 1:55
PK Defense
1 - 66% - 55% - 3:14
2 - 34% - 45% - 1:40
PK3 Forward
1 - 0% - 50%
2 - 0% - 50%
PK3 Defense
1 - 0% - 50%
2 - 0% - 50%
44 Forward
1 - 0% - 45%
2 - 0% - 55%
44 Defense
1 - 0% - 45%
2 - 0% - 55%
Last Minute Offensive - 0:00
Last Minute Defensive - 0:00
Total
Forward - 60:00
Defense - 60:00
|
Play-by-Play
1st period
0:01 of 1st period - Thomas Bordeleau wins face-off versus Colin Blackwell in neutral zone.
0:26 of 1st period - Yegor Sokolov is hit by Patrick Giles and loses puck.
0:37 of 1st period - Sean Walker is hit by Filip Roos and loses puck.
0:48 of 1st period - Wrist shot by Ivan Miroshnichenko.
0:48 of 1st period - Shot Misses the Net.
0:50 of 1st period - Slapshot by Shakir Mukhamadullin.
0:50 of 1st period - Deflect By Nico Sturm.
0:50 of 1st period - Stopped by William Rousseau with a rebound.
1:02 of 1st period - Sean Walker is hit by Caedan Bankier and loses puck.
1:21 of 1st period - Wrist shot by Riley Duran.
1:21 of 1st period - Deflect By Matthew Sop.
1:21 of 1st period - Shot Misses the Net.
1:21 of 1st period - Puck is out of play.
1:22 of 1st period - Oskar Sundqvist wins face-off versus Thomas Bordeleau in Atlantic City Gamblers zone.
1:27 of 1st period - Snap shot by Oskar Sundqvist.
1:27 of 1st period - Stopped by Calvin Pickard with a rebound.
1:43 of 1st period - Minor Penalty to Noah Warren for Tripping.
1:44 of 1st period - Thomas Bordeleau wins face-off versus Jonas Rondbjerg in Atlantic City Gamblers zone.
3:30 of 1st period - Icing by Zachary Bolduc.
3:31 of 1st period - Caedan Bankier wins face-off versus Jonas Rondbjerg in Peoria Rivermen zone.
3:43 of 1st period - Penalty to Noah Warren is over, Noah Warren is back on ice.
4:01 of 1st period - Snap shot by Nico Sturm.
4:01 of 1st period - Shot Misses the Net.
4:41 of 1st period - Slapshot by Tyson Kozak.
4:41 of 1st period - Stopped by Calvin Pickard with a rebound.
4:51 of 1st period - Slapshot by Nico Sturm.
4:51 of 1st period - Stopped by Calvin Pickard with a rebound.
5:13 of 1st period - Snap shot by Nathan Bastian.
5:13 of 1st period - Stopped by William Rousseau with a rebound.
5:21 of 1st period - Snap shot by Ben King.
5:21 of 1st period - Shot Blocked by Jalen Chatfield.
5:23 of 1st period - Slapshot by Jean-Luc Foudy.
5:23 of 1st period - Shot Blocked by Jalen Chatfield.
5:28 of 1st period - Minor Penalty to Jalen Chatfield for Boarding.
5:29 of 1st period - Tristan Broz wins face-off versus Tyson Kozak in Peoria Rivermen zone.
5:37 of 1st period - Slapshot by Yegor Sokolov.
5:37 of 1st period - Shot Misses the Net.
5:45 of 1st period - Wrist shot by Yegor Sokolov.
5:45 of 1st period - Shot Misses the Net.
6:26 of 1st period - Shakir Mukhamadullin is hit by Marc Del Gaizo and loses puck.
6:51 of 1st period - Oskar Sundqvist is hit by Yegor Sokolov and loses puck.
7:28 of 1st period - Penalty to Jalen Chatfield is over, Jalen Chatfield is back on ice.
7:32 of 1st period - Tyson Kozak is hit by Nils Hoglander and loses puck.
8:05 of 1st period - Snap shot by Matthew Sop.
8:05 of 1st period - Stopped by Calvin Pickard without a rebound.
8:06 of 1st period - Caedan Bankier wins face-off versus Riley Duran in Atlantic City Gamblers zone.
8:21 of 1st period - Wrist shot by Colin Blackwell.
8:21 of 1st period - Deflect By Zachary Bolduc.
8:21 of 1st period - Shot Blocked by Ronnie Attard.
8:21 of 1st period - Puck is out of play.
8:22 of 1st period - Colin Blackwell wins face-off versus Nathan Bastian in Atlantic City Gamblers zone.
8:27 of 1st period - Wrist shot by Colin Blackwell.
8:27 of 1st period - Stopped by Calvin Pickard without a rebound.
8:28 of 1st period - Tristan Broz wins face-off versus Oskar Sundqvist in Atlantic City Gamblers zone.
8:33 of 1st period - Tyson Kozak is hit by Yegor Sokolov and loses puck.
8:44 of 1st period - Slapshot by Oskar Sundqvist.
8:44 of 1st period - Shot Blocked by Boris Katchouk.
9:02 of 1st period - Snap shot by Zachary Bolduc.
9:02 of 1st period - Stopped by Calvin Pickard without a rebound.
9:03 of 1st period - Jonathan Gruden wins face-off versus Caedan Bankier in Atlantic City Gamblers zone.
9:10 of 1st period - Slapshot by Nico Sturm.
9:10 of 1st period - Stopped by Calvin Pickard without a rebound.
9:11 of 1st period - Nico Sturm wins face-off versus Caedan Bankier in Atlantic City Gamblers zone.
9:40 of 1st period - Wrist shot by Tanner Fritz.
9:40 of 1st period - Stopped by Calvin Pickard with a rebound.
9:42 of 1st period - Wrist shot by Jonathan Gruden.
9:42 of 1st period - Shot Misses the Net.
9:44 of 1st period - Slapshot by Marc Del Gaizo.
9:44 of 1st period - Stopped by Calvin Pickard with a rebound.
9:46 of 1st period - Wrist shot by Nico Sturm.
9:46 of 1st period - Stopped by Calvin Pickard with a rebound.
10:15 of 1st period - Backhand shot by Marc Del Gaizo.
10:15 of 1st period - Shot Blocked by Shakir Mukhamadullin.
10:17 of 1st period - Slapshot by Marc Del Gaizo.
10:17 of 1st period - Shot Blocked by Caedan Bankier.
10:19 of 1st period - Snap shot by Jonathan Gruden.
10:19 of 1st period - Stopped by Calvin Pickard with a rebound.
10:52 of 1st period - Nico Sturm is hit by Ivan Miroshnichenko and loses puck.
11:18 of 1st period - Wrist shot by Nico Sturm.
11:18 of 1st period - Shot Blocked by Alexander Holtz.
11:20 of 1st period - Slapshot by Marc Del Gaizo.
11:20 of 1st period - Stopped by Calvin Pickard with a rebound.
11:22 of 1st period - Slapshot by Marc Del Gaizo.
11:22 of 1st period - Shot Misses the Net.
11:24 of 1st period - Wrist shot by Sean Walker.
11:24 of 1st period - Stopped by Calvin Pickard with a rebound.
11:26 of 1st period - Slapshot by Sean Walker.
11:26 of 1st period - Shot Blocked by Shakir Mukhamadullin.
11:30 of 1st period - Wrist shot by Tanner Fritz.
11:30 of 1st period - Shot Misses the Net.
11:32 of 1st period - Snap shot by Sean Walker.
11:32 of 1st period - Stopped by Calvin Pickard with a rebound.
11:36 of 1st period - Slapshot by Nico Sturm.
11:36 of 1st period - Shot Misses the Net.
11:38 of 1st period - Slapshot by Marc Del Gaizo.
11:38 of 1st period - Stopped by Calvin Pickard with a rebound.
11:40 of 1st period - Slapshot by Sean Walker.
11:40 of 1st period - Stopped by Calvin Pickard with a rebound.
11:42 of 1st period - Wrist shot by Jonathan Gruden.
11:42 of 1st period - Shot Blocked by Marek Alscher.
11:48 of 1st period - Wrist shot by Nico Sturm.
11:48 of 1st period - Shot Blocked by Caedan Bankier.
11:50 of 1st period - Slapshot by Marc Del Gaizo.
11:50 of 1st period - Shot Misses the Net.
12:01 of 1st period - Snap shot by Nico Sturm.
12:01 of 1st period - Stopped by Calvin Pickard with a rebound.
12:05 of 1st period - Snap shot by Nico Sturm.
12:05 of 1st period - Deflect By Alexander Holtz.
12:05 of 1st period - Shot Misses the Net.
12:05 of 1st period - Puck is out of play.
12:06 of 1st period - Oskar Sundqvist wins face-off versus Tristan Broz in Atlantic City Gamblers zone.
12:44 of 1st period - Minor Penalty to Nils Hoglander for Interference.
12:45 of 1st period - Colin Blackwell wins face-off versus Thomas Bordeleau in Atlantic City Gamblers zone.
13:40 of 1st period - Slapshot by Jalen Chatfield.
13:40 of 1st period - Goal by Jalen Chatfield - Peoria Rivermen : 1 - Atlantic City Gamblers : 0.
13:41 of 1st period - Colin Blackwell wins face-off versus Tristan Broz in neutral zone.
13:49 of 1st period - Off-side.
13:50 of 1st period - Tristan Broz wins face-off versus Colin Blackwell in neutral zone.
13:53 of 1st period - Wrist shot by Boris Katchouk.
13:53 of 1st period - Stopped by William Rousseau without a rebound.
13:54 of 1st period - Tristan Broz wins face-off versus Colin Blackwell in Peoria Rivermen zone.
14:07 of 1st period - Snap shot by Mason Lohrei.
14:07 of 1st period - Shot Misses the Net.
14:09 of 1st period - Slapshot by Mason Lohrei.
14:09 of 1st period - Deflect By Boris Katchouk.
14:09 of 1st period - Stopped by William Rousseau with a rebound.
14:19 of 1st period - Thomas Bordeleau is hit by Sean Walker and loses puck.
14:35 of 1st period - Oskar Sundqvist is hit by Nils Hoglander and loses puck.
14:54 of 1st period - Snap shot by Matthew Sop.
14:54 of 1st period - Stopped by Calvin Pickard without a rebound.
14:55 of 1st period - Colin Blackwell wins face-off versus Tristan Broz in Atlantic City Gamblers zone.
14:58 of 1st period - Snap shot by Colin Blackwell.
14:58 of 1st period - Stopped by Calvin Pickard without a rebound.
14:59 of 1st period - Tristan Broz wins face-off versus Colin Blackwell in Atlantic City Gamblers zone.
15:49 of 1st period - Wrist shot by Mason Lohrei.
15:49 of 1st period - Stopped by William Rousseau without a rebound.
15:50 of 1st period - Ben King wins face-off versus Riley Duran in Peoria Rivermen zone.
15:57 of 1st period - Snap shot by Ben King.
15:57 of 1st period - Stopped by William Rousseau with a rebound.
15:58 of 1st period - Yegor Zamula beats up Ben King.
15:58 of 1st period - Penalty to Ben King for Fighting.
15:58 of 1st period - Penalty to Yegor Zamula for Fighting.
15:59 of 1st period - Colin Blackwell wins face-off versus Boris Katchouk in Peoria Rivermen zone.
16:47 of 1st period - Snap shot by Nathan Bastian.
16:47 of 1st period - Shot Blocked by Jalen Chatfield.
17:10 of 1st period - Snap shot by Boris Katchouk.
17:10 of 1st period - Shot Hit the Post.
17:12 of 1st period - Snap shot by Tristan Broz.
17:12 of 1st period - Stopped by William Rousseau with a rebound.
17:14 of 1st period - Slapshot by Mason Lohrei.
17:14 of 1st period - Stopped by William Rousseau without a rebound.
17:15 of 1st period - Colin Blackwell wins face-off versus Yegor Sokolov in Peoria Rivermen zone.
17:31 of 1st period - Backhand shot by Yegor Sokolov.
17:31 of 1st period - Shot Misses the Net.
17:33 of 1st period - Wrist shot by Yegor Sokolov.
17:33 of 1st period - Shot Misses the Net.
17:35 of 1st period - Snap shot by Boris Katchouk.
17:35 of 1st period - Goal by Boris Katchouk - Peoria Rivermen : 1 - Atlantic City Gamblers : 1.
17:36 of 1st period - Oskar Sundqvist wins face-off versus Thomas Bordeleau in neutral zone.
17:41 of 1st period - Wrist shot by Oskar Sundqvist.
17:41 of 1st period - Shot Hit the Post.
17:47 of 1st period - Mason Lohrei is hit by Tyler Tucker and loses puck.
18:25 of 1st period - Matthew Sop is hit by Ivan Miroshnichenko and loses puck.
18:49 of 1st period - Nathan Bastian is hit by Jonathan Gruden and loses puck.
19:37 of 1st period - Off-side.
19:38 of 1st period - Colin Blackwell wins face-off versus Tristan Broz in neutral zone.
19:41 of 1st period - Yegor Sokolov is hit by Tyler Tucker and loses puck.
Goals for this period are 1 for Peoria Rivermen vs 1 for Atlantic City Gamblers.
Shots for this period are 20 for Peoria Rivermen vs 9 for Atlantic City Gamblers.
2nd period
0:01 of 2nd period - Colin Blackwell wins face-off versus Thomas Bordeleau in neutral zone.
0:10 of 2nd period - Snap shot by Colin Blackwell.
0:10 of 2nd period - Shot Blocked by Thomas Bordeleau.
0:31 of 2nd period - Slapshot by Boris Katchouk.
0:31 of 2nd period - Stopped by William Rousseau without a rebound.
0:32 of 2nd period - Tristan Broz wins face-off versus Patrick Giles in Peoria Rivermen zone.
0:36 of 2nd period - Minor Penalty to Sean Walker for Tripping.
0:37 of 2nd period - Thomas Bordeleau wins face-off versus Tyson Kozak in Peoria Rivermen zone.
0:58 of 2nd period - Penalty to Yegor Zamula is over, Yegor Zamula is back on ice.
1:27 of 2nd period - Nathan Bastian is hit by Tyson Kozak and loses puck.
2:36 of 2nd period - Penalty to Sean Walker is over, Sean Walker is back on ice.
3:03 of 2nd period - Icing by Noah Warren.
3:04 of 2nd period - Riley Duran wins face-off versus Ben King in Atlantic City Gamblers zone.
3:28 of 2nd period - Snap shot by Sean Walker.
3:28 of 2nd period - Shot Blocked by Caedan Bankier.
3:30 of 2nd period - Slapshot by Sean Walker.
3:30 of 2nd period - Deflect By Shakir Mukhamadullin.
3:30 of 2nd period - Stopped by Calvin Pickard with a rebound.
3:32 of 2nd period - Wrist shot by Sean Walker.
3:32 of 2nd period - Stopped by Calvin Pickard with a rebound.
4:06 of 2nd period - Thomas Bordeleau is hit by Zachary Bolduc.
4:16 of 2nd period - Snap shot by Boris Katchouk.
4:16 of 2nd period - Stopped by William Rousseau with a rebound.
4:22 of 2nd period - Snap shot by Boris Katchouk.
4:22 of 2nd period - Goal by Boris Katchouk - Peoria Rivermen : 1 - Atlantic City Gamblers : 2.
4:23 of 2nd period - Tristan Broz wins face-off versus Patrick Giles in neutral zone.
4:36 of 2nd period - Snap shot by Tyson Kozak.
4:36 of 2nd period - Stopped by Calvin Pickard with a rebound.
4:38 of 2nd period - Slapshot by Patrick Giles.
4:38 of 2nd period - Stopped by Calvin Pickard with a rebound.
4:48 of 2nd period - Mason Lohrei is hit by Riley Duran.
5:00 of 2nd period - Wrist shot by Boris Katchouk.
5:00 of 2nd period - Goal by Boris Katchouk - Peoria Rivermen : 1 - Atlantic City Gamblers : 3.
5:01 of 2nd period - Colin Blackwell wins face-off versus Thomas Bordeleau in neutral zone.
5:16 of 2nd period - Snap shot by Nils Hoglander.
5:16 of 2nd period - Goal by Nils Hoglander - Peoria Rivermen : 1 - Atlantic City Gamblers : 4.
5:17 of 2nd period - Oskar Sundqvist wins face-off versus Thomas Bordeleau in neutral zone.
5:29 of 2nd period - Wrist shot by Hendrix Lapierre.
5:29 of 2nd period - Deflect By Oskar Sundqvist.
5:29 of 2nd period - Shot Blocked by Nick Leddy.
5:29 of 2nd period - Puck is out of play.
5:30 of 2nd period - Thomas Bordeleau wins face-off versus Colin Blackwell in Peoria Rivermen zone.
5:55 of 2nd period - Tyler Tucker is hit by Tristan Broz and loses puck.
6:02 of 2nd period - Snap shot by Tyson Kozak.
6:02 of 2nd period - Shot Misses the Net.
6:09 of 2nd period - Off-side.
6:10 of 2nd period - Nico Sturm wins face-off versus Caedan Bankier in neutral zone.
6:22 of 2nd period - Slapshot by Ivan Miroshnichenko.
6:22 of 2nd period - Stopped by William Rousseau without a rebound.
6:23 of 2nd period - Nils Hoglander wins face-off versus Colin Blackwell in Peoria Rivermen zone.
6:32 of 2nd period - Wrist shot by Hendrix Lapierre.
6:32 of 2nd period - Stopped by William Rousseau without a rebound.
6:33 of 2nd period - Colin Blackwell wins face-off versus Thomas Bordeleau in Peoria Rivermen zone.
6:40 of 2nd period - Snap shot by Nils Hoglander.
6:40 of 2nd period - Shot Blocked by Zachary Bolduc.
6:42 of 2nd period - Snap shot by Hendrix Lapierre.
6:42 of 2nd period - Shot Hit the Post.
6:46 of 2nd period - Wrist shot by Hendrix Lapierre.
6:46 of 2nd period - Stopped by William Rousseau with a rebound.
6:48 of 2nd period - Slapshot by Mason Lohrei.
6:48 of 2nd period - Stopped by William Rousseau without a rebound.
6:49 of 2nd period - Tristan Broz wins face-off versus Oskar Sundqvist in Peoria Rivermen zone.
6:56 of 2nd period - Wrist shot by Yegor Sokolov.
6:56 of 2nd period - Shot Misses the Net.
7:00 of 2nd period - Snap shot by Yegor Sokolov.
7:00 of 2nd period - Stopped by William Rousseau without a rebound.
7:01 of 2nd period - Thomas Bordeleau wins face-off versus Oskar Sundqvist in Peoria Rivermen zone.
7:14 of 2nd period - Snap shot by Tyson Kozak.
7:14 of 2nd period - Stopped by Calvin Pickard with a rebound.
7:16 of 2nd period - Slapshot by Tyler Tucker.
7:16 of 2nd period - Stopped by Calvin Pickard with a rebound.
7:52 of 2nd period - Wrist shot by Ivan Miroshnichenko.
7:52 of 2nd period - Shot Misses the Net.
7:54 of 2nd period - Wrist shot by Ivan Miroshnichenko.
7:54 of 2nd period - Stopped by William Rousseau with a rebound.
7:56 of 2nd period - Slapshot by Mason Lohrei.
7:56 of 2nd period - Stopped by William Rousseau with a rebound.
8:24 of 2nd period - Yegor Zamula is hit by Nathan Bastian and loses puck.
10:25 of 2nd period - Yegor Sokolov is hit by Jonathan Gruden and loses puck.
10:32 of 2nd period - Nick Leddy is hit by Filip Roos and loses puck.
10:52 of 2nd period - Slapshot by Nick Leddy.
10:52 of 2nd period - Shot Misses the Net.
11:27 of 2nd period - Wrist shot by Boris Katchouk.
11:27 of 2nd period - Stopped by William Rousseau with a rebound.
12:23 of 2nd period - Wrist shot by Sean Walker.
12:23 of 2nd period - Deflect By Jonathan Gruden.
12:23 of 2nd period - Shot Blocked by Ronnie Attard.
12:23 of 2nd period - Puck is out of play.
12:24 of 2nd period - Thomas Bordeleau wins face-off versus Oskar Sundqvist in Atlantic City Gamblers zone.
12:34 of 2nd period - Jalen Chatfield is hit by Marek Alscher and loses puck.
13:14 of 2nd period - Wrist shot by Alexander Holtz.
13:14 of 2nd period - Stopped by William Rousseau with a rebound.
13:16 of 2nd period - Wrist shot by Caedan Bankier.
13:16 of 2nd period - Shot Misses the Net.
13:18 of 2nd period - Slapshot by Shakir Mukhamadullin.
13:18 of 2nd period - Shot Blocked by Zachary Bolduc.
13:20 of 2nd period - Snap shot by Shakir Mukhamadullin.
13:20 of 2nd period - Shot Blocked by Jonas Rondbjerg.
13:22 of 2nd period - Slapshot by Alexander Holtz.
13:22 of 2nd period - Shot Misses the Net.
13:54 of 2nd period - Ivan Miroshnichenko is hit by Jalen Chatfield and loses puck.
14:12 of 2nd period - Nathan Bastian is hit by Jonas Rondbjerg and loses puck.
15:05 of 2nd period - Zachary Bolduc is hit by Hendrix Lapierre and loses puck.
16:19 of 2nd period - Riley Duran is hit by Marek Alscher and loses puck.
16:43 of 2nd period - Icing by Marek Alscher.
16:44 of 2nd period - Oskar Sundqvist wins face-off versus Ben King in Atlantic City Gamblers zone.
17:31 of 2nd period - Nick Leddy is hit by Filip Roos and loses puck.
18:24 of 2nd period - Snap shot by Ben King.
18:24 of 2nd period - Shot Misses the Net.
18:26 of 2nd period - Slapshot by Jean-Luc Foudy.
18:26 of 2nd period - Shot Misses the Net.
18:28 of 2nd period - Snap shot by Ben King.
18:28 of 2nd period - Shot Blocked by Patrick Giles.
18:30 of 2nd period - Slapshot by Nathan Bastian.
18:30 of 2nd period - Deflect By Jean-Luc Foudy.
18:30 of 2nd period - Stopped by William Rousseau with a rebound.
18:46 of 2nd period - Riley Duran is hit by Marek Alscher and loses puck.
19:25 of 2nd period - Icing by Shakir Mukhamadullin.
19:26 of 2nd period - Jonas Rondbjerg wins face-off versus Tristan Broz in Atlantic City Gamblers zone.
19:39 of 2nd period - Slapshot by Yegor Sokolov.
19:39 of 2nd period - Stopped by William Rousseau without a rebound.
19:40 of 2nd period - Thomas Bordeleau wins face-off versus Oskar Sundqvist in Peoria Rivermen zone.
Goals for this period are 0 for Peoria Rivermen vs 3 for Atlantic City Gamblers.
Shots for this period are 6 for Peoria Rivermen vs 16 for Atlantic City Gamblers.
3rd period
0:01 of 3rd period - Thomas Bordeleau wins face-off versus Oskar Sundqvist in neutral zone.
0:12 of 3rd period - Snap shot by Hendrix Lapierre.
0:12 of 3rd period - Shot Blocked by Oskar Sundqvist.
0:14 of 3rd period - Wrist shot by Nils Hoglander.
0:14 of 3rd period - Atlantic City Gamblers goal is going for a video replay.
0:14 of 3rd period - The goal is refused. The attacking player has interfered with a goalkeeper in his goal crease..
0:15 of 3rd period - Zachary Bolduc wins face-off versus Tristan Broz in Peoria Rivermen zone.
0:22 of 3rd period - Snap shot by Zachary Bolduc.
0:22 of 3rd period - Shot Blocked by Mason Lohrei.
0:28 of 3rd period - Yegor Zamula is hit by Yegor Sokolov.
1:07 of 3rd period - Snap shot by Nico Sturm.
1:07 of 3rd period - Deflect By Jonathan Gruden.
1:07 of 3rd period - Goal by Jonathan Gruden - Peoria Rivermen : 2 - Atlantic City Gamblers : 4.
1:08 of 3rd period - Thomas Bordeleau wins face-off versus Colin Blackwell in neutral zone.
1:35 of 3rd period - Tyson Kozak is hit by Tristan Broz.
1:39 of 3rd period - Snap shot by Boris Katchouk.
1:39 of 3rd period - Shot Blocked by Tyler Tucker.
1:41 of 3rd period - Snap shot by Boris Katchouk.
1:41 of 3rd period - Shot Blocked by Nick Leddy.
1:43 of 3rd period - Slapshot by Yegor Sokolov.
1:43 of 3rd period - Stopped by William Rousseau without a rebound.
1:44 of 3rd period - Caedan Bankier wins face-off versus Colin Blackwell in Peoria Rivermen zone.
1:45 of 3rd period - Snap shot by Ivan Miroshnichenko.
1:45 of 3rd period - Shot Hit the Post.
1:47 of 3rd period - Wrist shot by Ivan Miroshnichenko.
1:47 of 3rd period - Shot Misses the Net.
1:49 of 3rd period - Wrist shot by Caedan Bankier.
1:49 of 3rd period - Goal by Caedan Bankier - Peoria Rivermen : 2 - Atlantic City Gamblers : 5.
1:50 of 3rd period - Thomas Bordeleau wins face-off versus Oskar Sundqvist in neutral zone.
1:50 of 3rd period - Hendrix Lapierre is hit by Patrick Giles and loses puck.
1:54 of 3rd period - Marek Alscher is hit by Oskar Sundqvist.
2:00 of 3rd period - Snap shot by Hendrix Lapierre.
2:00 of 3rd period - Shot Misses the Net.
2:02 of 3rd period - Wrist shot by Hendrix Lapierre.
2:02 of 3rd period - Stopped by William Rousseau with a rebound.
2:04 of 3rd period - Slapshot by Marek Alscher.
2:04 of 3rd period - Stopped by William Rousseau with a rebound.
2:19 of 3rd period - Sean Walker is hit by Boris Katchouk and loses puck.
2:42 of 3rd period - Snap shot by Alexander Holtz.
2:42 of 3rd period - Stopped by William Rousseau without a rebound.
2:43 of 3rd period - Caedan Bankier wins face-off versus Nico Sturm in Peoria Rivermen zone.
2:48 of 3rd period - Snap shot by Alexander Holtz.
2:48 of 3rd period - Stopped by William Rousseau without a rebound.
2:49 of 3rd period - Thomas Bordeleau wins face-off versus Colin Blackwell in Peoria Rivermen zone.
3:24 of 3rd period - Wrist shot by Tristan Broz.
3:24 of 3rd period - Shot Blocked by Sean Walker.
3:44 of 3rd period - Wrist shot by Alexander Holtz.
3:44 of 3rd period - Shot Misses the Net.
3:58 of 3rd period - Marek Alscher is hit by Jonathan Gruden.
4:58 of 3rd period - Nick Leddy is hit by Caedan Bankier and loses puck.
5:15 of 3rd period - Ivan Miroshnichenko is hit by Tanner Fritz and loses puck.
5:22 of 3rd period - Snap shot by Nico Sturm.
5:22 of 3rd period - Stopped by Calvin Pickard with a rebound.
5:44 of 3rd period - Slapshot by Zachary Bolduc.
5:44 of 3rd period - Stopped by Calvin Pickard with a rebound.
6:04 of 3rd period - Caedan Bankier is hit by Tyler Tucker and loses puck.
7:01 of 3rd period - Snap shot by Yegor Sokolov.
7:01 of 3rd period - Shot Blocked by Yegor Zamula.
7:03 of 3rd period - Snap shot by Yegor Sokolov.
7:03 of 3rd period - Goal by Yegor Sokolov - Peoria Rivermen : 2 - Atlantic City Gamblers : 6.
7:04 of 3rd period - Tristan Broz wins face-off versus Oskar Sundqvist in neutral zone.
7:17 of 3rd period - Slapshot by Sean Walker.
7:17 of 3rd period - Stopped by Calvin Pickard with a rebound.
8:09 of 3rd period - Nathan Bastian is hit by Gabriel Szturc.
8:17 of 3rd period - Wrist shot by Matthew Sop.
8:17 of 3rd period - Shot Misses the Net.
9:10 of 3rd period - Snap shot by Tanner Fritz.
9:10 of 3rd period - Shot Blocked by Boris Katchouk.
9:11 of 3rd period - Boris Katchouk beats up Tyler Tucker.
9:11 of 3rd period - Penalty to Boris Katchouk for Fighting.
9:11 of 3rd period - Penalty to Tyler Tucker for Fighting.
9:12 of 3rd period - Thomas Bordeleau wins face-off versus Oskar Sundqvist in Atlantic City Gamblers zone.
9:39 of 3rd period - Zachary Bolduc is hit by Tristan Broz and loses puck.
9:58 of 3rd period - Wrist shot by Nico Sturm.
9:58 of 3rd period - Shot Blocked by Ivan Miroshnichenko.
10:00 of 3rd period - Backhand shot by Jalen Chatfield.
10:00 of 3rd period - Shot Misses the Net.
10:18 of 3rd period - Jean-Luc Foudy is hit by Marc Del Gaizo.
10:41 of 3rd period - Minor Penalty to Marek Alscher for Holding.
10:42 of 3rd period - Patrick Giles wins face-off versus Thomas Bordeleau in Atlantic City Gamblers zone.
10:44 of 3rd period - Wrist shot by Matthew Sop.
10:44 of 3rd period - Stopped by Calvin Pickard without a rebound.
10:45 of 3rd period - Patrick Giles wins face-off versus Thomas Bordeleau in Atlantic City Gamblers zone.
12:41 of 3rd period - Penalty to Marek Alscher is over, Marek Alscher is back on ice.
12:51 of 3rd period - Tanner Fritz is hit by Alexander Holtz and loses puck.
12:57 of 3rd period - Off-side.
12:58 of 3rd period - Ben King wins face-off versus Nico Sturm in neutral zone.
13:54 of 3rd period - Snap shot by Hendrix Lapierre.
13:54 of 3rd period - Stopped by William Rousseau without a rebound.
13:55 of 3rd period - Thomas Bordeleau wins face-off versus Jonas Rondbjerg in Peoria Rivermen zone.
14:00 of 3rd period - Snap shot by Hendrix Lapierre.
14:00 of 3rd period - Shot Misses the Net.
14:02 of 3rd period - Snap shot by Thomas Bordeleau.
14:02 of 3rd period - Stopped by William Rousseau without a rebound.
14:03 of 3rd period - Colin Blackwell wins face-off versus Thomas Bordeleau in Peoria Rivermen zone.
14:34 of 3rd period - Snap shot by Tristan Broz.
14:34 of 3rd period - Stopped by William Rousseau without a rebound.
14:35 of 3rd period - Tristan Broz wins face-off versus Tyson Kozak in Peoria Rivermen zone.
15:08 of 3rd period - Wrist shot by Colin Blackwell.
15:08 of 3rd period - Stopped by Calvin Pickard with a rebound.
15:10 of 3rd period - Snap shot by Colin Blackwell.
15:10 of 3rd period - Stopped by Calvin Pickard with a rebound.
15:12 of 3rd period - Snap shot by Colin Blackwell.
15:12 of 3rd period - Shot Blocked by Ivan Miroshnichenko.
15:29 of 3rd period - Slapshot by Jonathan Gruden.
15:29 of 3rd period - Stopped by Calvin Pickard without a rebound.
15:30 of 3rd period - Tristan Broz wins face-off versus Tyson Kozak in Atlantic City Gamblers zone.
15:45 of 3rd period - Wrist shot by Patrick Giles.
15:45 of 3rd period - Stopped by Calvin Pickard with a rebound.
16:40 of 3rd period - Snap shot by Ben King.
16:40 of 3rd period - Stopped by William Rousseau without a rebound.
16:41 of 3rd period - Ben King wins face-off versus Oskar Sundqvist in Peoria Rivermen zone.
17:03 of 3rd period - Jean-Luc Foudy is hit by Marc Del Gaizo and loses puck.
17:20 of 3rd period - Slapshot by Colin Blackwell.
17:20 of 3rd period - Stopped by Calvin Pickard with a rebound.
18:28 of 3rd period - Snap shot by Yegor Sokolov.
18:28 of 3rd period - Shot Blocked by Jalen Chatfield.
18:30 of 3rd period - Snap shot by Marek Alscher.
18:30 of 3rd period - Deflect By Yegor Sokolov.
18:30 of 3rd period - Shot Misses the Net.
18:30 of 3rd period - Puck is out of play.
18:31 of 3rd period - Thomas Bordeleau wins face-off versus Colin Blackwell in Peoria Rivermen zone.
19:00 of 3rd period - Wrist shot by Oskar Sundqvist.
19:00 of 3rd period - Stopped by Calvin Pickard without a rebound.
19:01 of 3rd period - Tyson Kozak wins face-off versus Tristan Broz in Atlantic City Gamblers zone.
19:14 of 3rd period - Wrist shot by Oskar Sundqvist.
19:14 of 3rd period - Stopped by Calvin Pickard without a rebound.
19:15 of 3rd period - Thomas Bordeleau wins face-off versus Zachary Bolduc in Atlantic City Gamblers zone.
19:22 of 3rd period - Snap shot by Colin Blackwell.
19:22 of 3rd period - Stopped by Calvin Pickard with a rebound.
19:24 of 3rd period - Snap shot by Zachary Bolduc.
19:24 of 3rd period - Shot Misses the Net.
19:26 of 3rd period - Snap shot by Jonas Rondbjerg.
19:26 of 3rd period - Stopped by Calvin Pickard without a rebound.
19:27 of 3rd period - Tristan Broz wins face-off versus Colin Blackwell in Atlantic City Gamblers zone.
19:40 of 3rd period - Jonas Rondbjerg is hit by Boris Katchouk.
19:57 of 3rd period - Wrist shot by Zachary Bolduc.
19:57 of 3rd period - Stopped by Calvin Pickard without a rebound.
19:58 of 3rd period - Caedan Bankier wins face-off versus Patrick Giles in Atlantic City Gamblers zone.
19:58 of 3rd period - Caedan Bankier is hit by Tyson Kozak.
Goals for this period are 1 for Peoria Rivermen vs 2 for Atlantic City Gamblers.
Shots for this period are 15 for Peoria Rivermen vs 12 for Atlantic City Gamblers.
Back to the Top